 Dungeon Crawl Stone Soup version 0.23.2-1-ga50397a (webtiles) character file.

Game seed: 15776774783867954020

95 Lickle the Skirmisher (level 4, -4/35 HPs)
             Began as a Demonspawn Abyssal Knight on Apr 29, 2019.
             Was a Follower of Lugonu.
             Splashed by a jelly's acid (12 damage)
             ... on level 2 of the Dungeon.
             The game lasted 00:04:36 (1693 turns).

Lickle the Skirmisher (Demonspawn Abyssal Knight)   Turns: 1693, Time: 00:04:37

Health: -4/35      AC: -7    Str: 12    XL:     4   Next: 39%
Magic:  6/6        EV: 12    Int: 13    God:    Lugonu [*.....]
Gold:   134        SH:  0    Dex: 16    Spells: 3/3 levels left

rFire    . . .     SeeInvis .   a - +2 falchion
rCold    . . .     Gourm    .   (no shield)
rNeg     . . .     Faith    .   b - +1 leather armour
rPois    .         Spirit   .   (no helmet)
rElec    .         Reflect  .   (no cloak)
rCorr    .         Harm     .   (no gloves)
MR       .....                  (no boots)
Stlth    ++........             (no amulet)
HPRegen  0.11/turn              (no ring)
MPRegen  0.10/turn              (no ring)

@: about to teleport, corroded
A: thin skeletal structure 1
a: Depart the Abyss, Renounce Religion


You were on level 2 of the Dungeon.
You worshipped Lugonu.
Lugonu was aware of your devotion.
You were not hungry.

You visited 1 branch of the dungeon, and saw 2 of its levels.
You visited the Abyss 1 time.

You collected 134 gold pieces.

Inventory:

Hand Weapons
 a - a +2 falchion (weapon)
Armour
 b - a +1 leather armour (worn)
Scrolls
 e - 4 scrolls of teleportation
 g - a scroll of enchant armour
 h - a scroll of remove curse
Potions
 d - a potion of brilliance {unknown}
 f - a potion of cancellation {unknown}
Comestibles
 c - 4 rations


   Skills:
 + Level 3.5 Fighting
 + Level 2.4 Long Blades
 + Level 2.3 Armour
 + Level 1.7 Dodging
 + Level 1.3 Stealth
 - Level 3.0 Invocations


You had 3 spell levels left.
You didn't know any spells.
Your spell library was empty.

Dungeon Overview and Level Annotations

Branches:
Dungeon (2/15)

Altars:
Okawaru
Zin


Innate Abilities, Weirdness & Mutations

You have a somewhat thin skeletal structure. (Dex +2, Stealth)


Message History

The jelly is heavily wounded.
You hit the jelly but do no damage.
Your hands burn!
The jelly is heavily wounded.
The jelly misses you. The jelly completely misses you.
You hit the jelly but do no damage.
Your hands burn!
The jelly is heavily wounded.
The jelly hits you. The acid corrodes you!
You are splashed with acid!
You barely miss the jelly.
The jelly is heavily wounded.
The jelly hits you. The acid corrodes you!
You are splashed with acid!
* * * LOW HITPOINT WARNING * * *
Okay, then.
Okay, then.
Okay, then.
You aren't carrying any items that you can evoke.
As you read the scroll of teleportation, it crumbles to dust.
You feel strangely unstable. The jelly hits you.
* * * LOW HITPOINT WARNING * * *
The acid corrodes you!
You are splashed with acid!
You die...

#####.#......(..
........#
........########
######### #####.### ###
#.....# #######.##JJ÷..(#
#.#.#<###...)#.#.#.P.P÷.#
#.#...##.....#.#.#..÷..÷#
..#...'......#'#.#P.P...#
####..)).......#.#.J...J#
......'†.......#@#PP.÷.P#
#####.##.......#J#...J..#
#####......##J.÷....#
##########.÷....#
############## #######
.............#
############.# ###### #.#
.....#######.#


You could see a jelly and an ooze.

Vanquished Creatures
  4 gnolls (D:2)
  3 oozes (D:2)
  6 bats (D:1)
  2 giant cockroaches
  3 goblins (D:1)
  6 hobgoblins
  3 jackals (D:2)
  3 frilled lizards (D:1)
  9 kobolds
  7 rats
46 creatures vanquished.

Vanquished Creatures (others)
  8 toadstools (D:2)
8 creatures vanquished.

Grand Total: 54 creatures vanquished

Notes
Turn   | Place    | Note
-------+----------+-------------------------------------------
     0 | Abyss:1  | Lickle the Demonspawn Abyssal Knight began the quest for
                  | the Orb.
     0 | Abyss:1  | Reached XP level 1. HP: 18/18 MP: 2/2
     2 | Abyss:1  | Found a corrupted altar of Lugonu.
    12 | Abyss:1  | Found a corrupted altar of Lugonu.
   135 | Abyss:1  | Noticed a large abomination
   144 | D:1      | Escaped the Abyss
   154 | D:1      | Reached skill level 1 in Dodging
   180 | D:1      | Reached * piety under Lugonu
   335 | D:1      | Gained mutation: You have a somewhat thin skeletal
                  | structure. (Dex +2, Stealth) [demonic ancestry]
   335 | D:1      | Reached XP level 2. HP: 24/24 MP: 4/4
  1098 | D:2      | Reached XP level 3. HP: 26/29 MP: 5/5
  1223 | D:2      | Reached skill level 1 in Stealth
  1231 | D:2      | Reached XP level 4. HP: 8/35 MP: 6/6
  1547 | D:2      | Found an iron altar of Okawaru.
  1547 | D:2      | Found a glowing silver altar of Zin.
  1693 | D:2      | Splashed by a jelly's acid

Skill      XL: |  1  2  3 |
---------------+----------+-----
Dodging        | 1 |  1.7
Armour         | 2 |  2.3
Long Blades    | 2 |  2.4
Invocations    | 3 |  3.0
Stealth        | 1 |  1.3
Fighting       | |  3.5

Action                   |  1- 3 |  4- 6 || total
-------------------------+-------+-------++-------
Melee: Falchion          |   102 |    36 ||   138
Invok: Depart the Abyss  |     1 |       ||     1
  Use: Scroll            |     4 |     1 ||     5
       Potion            |     4 |       ||     4
 Stab: Sleeping          |     1 |       ||     1
  Eat: Ration            |       |     1 ||     1
Armor: Leather armour    |    34 |    17 ||    51
Dodge: Dodged            |    91 |    19 ||   110
       Rpst.: Falchion   |    28 |     6 ||    34
